[Event "*** Titled Tuesday Blitz"]
[Site "Chess.com"]
[Date "2020.11.03"]
[Round "6"]
[White "giantslayer83"]
[Black "FontVella8"]
[Result "1-0"]
[WhiteElo "2713"]
[BlackElo "2488"]
[TimeControl "180+1"]
[EndTime "11:10:53 PST"]
[Termination "giantslayer83 won by resignation"]

1. d4 d5 2. c4 e6 3. Nc3 c6 4. e4 Nf6 5. e5 Nfd7 6. Nf3 Bb4 7. cxd5 exd5 8. Bd3 Nf8 9. O-O Bg4 10. Ne2 Nbd7 11. Ng3 Ne6 12. Be3 Qb6 13. h3 Bxf3 14. Qxf3 Nxd4 15.
Qg4 Bc5 16. b4 Qxb4 17. Rab1 Qc3 18. Rxb7 Ne6 19. Rb3 Qxe5 20. Nf5 Bxe3 21. fxe3 Ndc5 22. Qh4 Qc7 23. Rc3 Nxd3 24. Rxc6 Qd7 25. Nd6+ Kf8 26. Rxf7+ Qxf7 27. Nxf7 Kxf7 28. Qh5+ g6 29. Qf3+ Ke7 30.
Qxd5 Ndc5 31. Qd6+ Kf6 32. Rxc5 Rhd8 33. Qe5+ Kf7 34.
Rc6 Re8 35. Kh2 Re7 36. Ra6 Rae8 37. Qg3 Kg7 38. e4 Rf7 39. Qc3+ Kg8 40. a4 Rfe7 41. Rc6 Nf4 42. Rc7 Rxc7 43. Qxc7 Rxe4 44. Qxa7 Re2 45. Qb8+ 1-0

[Event "*** Titled Tuesday Blitz"]
[Site "Chess.com"]
[Date "2020.11.03"]
[Round "6"]
[White "rugbyclub"]
[Black "ural58"]
[Result "1-0"]
[WhiteElo "2216"]
[BlackElo "2348"]
[TimeControl "180+1"]
[EndTime "11:10:54 PST"]
[Termination "rugbyclub won by resignation"]

1. d4 d5 2. Bf4 e6 3. e3 Bd6 4.
Bg3 Nf6 5. Nd2 Nc6 6. Ngf3 Bxg3 7.
hxg3 Qe7 8. Bb5 O-O 9. c3 Bd7 10. Qe2 a6 11. Bxc6 Bxc6 12. Ne5 Bb5 13. Qf3 c5 14. g4 g6 15. g5 Nd7 16. Nxd7 Qxd7 17.
O-O-O Qe7 18. Qh3 f5 19. gxf6 Rxf6 20. Nf3 Be2 21. Rdg1 Bxf3 22. gxf3 Raf8 23. f4 R8f7 24. Rg5 Rg7 25. Re5 b6 26. Kb1 Kf8 27. Qf1 c4 28. b3 b5 29. b4 Ke8 30. Kb2 Kd7 31. a4 Kd6 32. axb5 axb5 33. Qh3 Rf5 34. Ra1 Qb7 35. Qh4 Rgf7 36. Qd8+ Rd7 37. Qh8 Rxe5 38. fxe5+ Kc6 39. Qf8 Re7 40. Ra8 Qd7 41. Rc8+ Kb7 42. Rb8+ Kc6 43. Rc8+ Kb7 44. Ra8 Qc7 45. f4 h5 46. Ra5 Kc6 47. Qa8+ Kd7 48. Ra7 Qxa7 49. Qxa7+ Ke8 50. Qa8+ Kf7 51. Qh8 Re8 52. Qf6+ Kg8 53. Qxg6+ Kf8 54. Qf6+ Kg8 55. Qg6+ Kf8 56. Qxh5 Ke7 57. f5 exf5 58. Qg5+ Kd7 59. Qxf5+ Re6 60. Qf7+ Re7 61. Qxd5+ 1-0

[Event "*** Titled Tuesday Blitz"]
[Site "Chess.com"]
[Date "2020.11.03"]
[Round "6"]
[White "Mr_Sinigami"]
[Black "Smirnov_Pavel"]
[Result "0-1"]
[WhiteElo "2511"]
[BlackElo "2845"]
[TimeControl "180+1"]
[EndTime "11:10:55 PST"]
[Termination "Smirnov_Pavel won on time"]

1. d4 Nf6 2. Nf3 e6 3. Bf4 c5 4. e3 cxd4 5. exd4 b6 6. c3 Be7 7. h3 O-O 8. Be2 Ba6 9. Bxa6 Nxa6 10.
O-O Nc7 11. a4 d6 12. Re1 Qd7 13. Nbd2 a6 14. Bh2 b5 15. axb5 axb5 16. Qb3 Nfd5 17. Ne4 Qc6 18. Nfd2 Nb6 19. Qb4 Ncd5 20. Qb3 h6 21.
Ng3 Ra4 22. Nh5 Rfa8 23. Rab1 Nc4 24. Nxc4 Rxc4 25. Qd1 Nf6 26. Bf4 b4 27. Bd2 bxc3 28. bxc3 Rca4 29. Nxf6+ Bxf6 30. Qg4 Kf8 31. Rb2 Ra2 32.
Reb1 Rxb2 33. Rxb2 Rc8 34. Qe2 Kg8 35. Qd3 Qa4 36.
Qb5 Qxb5 37. Rxb5 d5 38. Rb2 Ra8 39. Kf1 Ra1+ 40. Ke2 Kh7 41. g3 Kg6 42. h4 h5 43.
Kd3 Be7 44. Rb7 Bf6 45. Rd7 Ra2 46. Rb7 Ra6 47. Rc7 Bd8 48. Rd7 Ba5 49. Rb7 Rc6 50.
Ra7 Bc7 51. Rb7 f6 52. Rb5 Kf7 53. Be3 Kg6 54. Bd2 Kf5 55. Be3 g5 0-1

[Event "*** Titled Tuesday Blitz"]
[Site "Chess.com"]
[Date "2020.11.03"]
[Round "6"]
[White "anon102030"]
[Black "Alomaterapia"]
[Result "0-1"]
[WhiteElo "2659"]
[BlackElo "2533"]
[TimeControl "180+1"]
[EndTime "11:10:55 PST"]
[Termination "Alomaterapia won on time"]

1. e4 e5 2. Nf3 Nc6 3. Bc4 Bc5 4. c3 Nf6 5. d4 exd4 6. cxd4 Bb4+ 7. Bd2 Bxd2+ 8.
Nbxd2 d5 9. exd5 Nxd5 10. O-O O-O 11. Rc1 Bg4 12. h3 Bh5 13. Qc2 Bg6 14. Qb3 Na5 15. Qa3 Nxc4 16. Nxc4 Nf4 17. Rcd1 Qd5 18. Nce5 a6 19.
Rfe1 Rfe8 20. Kh2 Rad8 21. Qc3 c6 22. a3 a5 23. Nc4 a4 24. Rxe8+ Rxe8 25. Re1 Rd8 26. Re5 Qd7 27. Qd2 b5 28. Qxf4 bxc4 29. Rc5 Bd3 30. Ne5 Qxd4 31. Qxd4 Rxd4 32. Rxc6 g5 33.
Nf3 Rd5 34. Ra6 Bc2 35. Ra8+ Kg7 36. Kg3 Bb3 37. Kg4 h6 38. Kg3 Rd3 39. h4 f6 40.
h5 f5 41. Ra7+ Kf8 42. Ra6 g4 43. Rxh6 gxf3 44. Rf6+ Kg7 45. Rxf5 fxg2+ 46. Kxg2 Bd1 47. Rc5 Bf3+ 48. Kh2 Bd5 0-1

[Event "*** Titled Tuesday Blitz"]
[Site "Chess.com"]
[Date "2020.11.03"]
[Round "6"]
[White "dpopadic"]
[Black "AmirBagheri78"]
[Result "0-1"]
[WhiteElo "2415"]
[BlackElo "2582"]
[TimeControl "180+1"]
[EndTime "11:10:55 PST"]
[Termination "AmirBagheri78 won on time"]

1. e4 c6 2. d4 d5 3. Nd2 dxe4 4. Nxe4 Nf6 5. Ng3 Bg4 6. Be2 Bxe2 7. N1xe2 e6 8. O-O Be7 9. Qd3 O-O 10. Be3 Nbd7 11. Rad1 Qa5 12. Qb3 Qb6 13. h3 Rfd8 14. Bc1 a5 15.
Qf3 Nf8 16. c3 a4 17. Nf4 Qb5 18. Rfe1 Ng6 19. Nxg6 hxg6 20. Re5 Qc4 21. a3 Rd5 22.
Rde1 Bd6 23. R5e2 Bxg3 24. Qxg3 Rd7 25. Bg5 Nd5 26. Bc1 Ra5 27. Qb8+ Kh7 28. Re4 Nf6 29. R4e2 Rf5 30. Qc8 Qd5 31. Re5 Rxe5 32. Rxe5 Qd6 33.
Bf4 Qe7 34. Qa8 Nd5 35. Bg3 Nb6 36. Qa7 Nc4 37. Re2 b5 38. Qa8 Rd5 39. Qxc6 Qd7 40. Qa8 g5 41. Qb8 f6 42. Qa8 Kg6 43. Qa6 Kf7 44. Qa8 Kg6 45. Qg8 Qf7 46. Qb8 Qd7 47.
Qg8 Kf5 48. Bh2 e5 49. Qh7+ Ke6 50. g4 Kf7 51. dxe5 Rd1+ 52. Kg2 Qd5+ 0-1

[Event "*** Titled Tuesday Blitz"]
[Site "Chess.com"]
[Date "2020.11.03"]
[Round "6"]
[White "MokshanovAlexey"]
[Black "VitaliyBernadskiy"]
[Result "1-0"]
[WhiteElo "2607"]
[BlackElo "2745"]
[TimeControl "180+1"]
[EndTime "11:10:56 PST"]
[Termination "MokshanovAlexey won by resignation"]

1. e4 d6 2. d4 Nf6 3. Nc3 g6 4.
Bg5 Bg7 5. f4 h6 6. Bh4 c6 7.
Nf3 b5 8. Bd3 b4 9. Ne2 Nbd7 10.
Qd2 d5 11. e5 Ne4 12. Qe3 Nb6 13. Ng3 O-O 14. Nxe4 dxe4 15. Bxe4 Nd5 16. Qd2 Ba6 17.
a3 Qb6 18. Bxd5 cxd5 19. Bxe7 bxa3 20. b3 Rfc8 21. Kf2 Bb5 22. Rxa3 Bd7 23. Rha1 Bf5 24. Bc5 Qe6 25. Rxa7 Rxa7 26. Rxa7 Be4 27. h3 Qf5 28. g4 Qe6 29. Kg3 Qc6 30. Qa5 Bxc2 31. Qb6 Qxb6 32. Bxb6 Rc3 33. Rc7 Rxc7 34. Bxc7 Bxb3 35. f5 Bc2 36. Kf4 h5 37. f6 Bh6+ 38. g5 Bf8 39. Bd6 Bf5 40. h4 Be6 41. Nd2 Bg4 42. Nb3 Bc8 43. Nc5 Bh3 44. Ke3 Bf5 45. Kd2 Bc8 46. Kc3 Bg4 47. Kb4 Bh3 48. Kb5 Bg4 49. Kc6 Bd1 50.
Kxd5 Bf3+ 51. Kc4 Bc6 52. d5 Be8 53. Bxf8 Kxf8 54. e6 fxe6 55. dxe6 Bc6 56. Kd4 Ke8 57. Ke5 Kf8 58. Kd6 Bb5 59. Nd7+ Bxd7 60. Kxd7 Kg8 61. Ke7 Kh7 62. Kf7 Kh8 63. Kxg6 Kg8 1-0

[Event "*** Titled Tuesday Blitz"]
[Site "Chess.com"]
[Date "2020.11.03"]
[Round "6"]
[White "Aleksey_Sorokin"]
[Black "Sibelephant"]
[Result "0-1"]
[WhiteElo "2879"]
[BlackElo "3093"]
[TimeControl "180+1"]
[EndTime "11:10:57 PST"]
[Termination "Sibelephant won by resignation"]

1. d4 Nf6 2. c4 g6 3. Nc3 d5 4.
cxd5 Nxd5 5. e4 Nxc3 6. bxc3 Bg7 7. Nf3 c5 8. Be3 Qa5 9. Qd2 Nc6 10. Rb1 cxd4 11. cxd4 Qxd2+ 12. Kxd2 O-O 13. Bb5 Rd8 14. Bxc6 bxc6 15. Rhc1 e5 16. Bg5 f6 17. Bh4 Bh6+ 18.
Ke1 Bxc1 19. Rxc1 g5 20. Bg3 g4 21. Nd2 Rxd4 22. f3 gxf3 23. gxf3 Bd7 24. Nb3 Rb4 25. Nc5 Be8 26. Rd1 Kf7 27. Bh4 Rc4 28. Nb7 Rd4 29. Rb1 a5 30. Bf2 Rb4 31. Nd6+ Ke6 32. Rd1 Rd8 33.
Bc5 Rbb8 34. Rd2 Bh5 35. Kf2 Rd7 36. Ke3 Rbd8 37. Nc4 Rxd2 38. Nxd2 Rb8 39. Nc4 Rb5 40.
Ba3 Rb1 41. Nxa5 Rf1 42. Nb3 Rxf3+ 43. Kd2 Rh3 44. Bb2 Rxh2+ 45. Kc3 Bd1 46. Nc5+ Kd6 47.
Nd3 Rc2+ 48. Kb4 c5+ 49. Ka3 Re2 50. Bc3 Re3 0-1

[Event "*** Titled Tuesday Blitz"]
[Site "Chess.com"]
[Date "2020.11.03"]
[Round "6"]
[White "Godzillator"]
[Black "Tashik"]
[Result "1-0"]
[WhiteElo "2329"]
[BlackElo "2485"]
[TimeControl "180+1"]
[EndTime "11:10:58 PST"]
[Termination "Godzillator won on time"]

1. d4 Nf6 2. c4 c5 3. d5 b5 4.
Nf3 g6 5. Qc2 bxc4 6. e4 d6 7.
Nc3 Bg7 8. Bxc4 O-O 9. O-O Nbd7 10. b3 Nxe4 11. Qxe4 Bxc3 12. Rb1 Bg7 13. Bb2 Nf6 14. Qe2 a5 15. Rfe1 Ra7 16. Rbd1 Bg4 17. h3 Bxf3 18.
Qxf3 Nd7 19. Bxg7 Kxg7 20. Qc3+ Kg8 21. f4 a4 22. f5 axb3 23. axb3 Ne5 24. fxg6 hxg6 25.
Rf1 f6 26. Qg3 Kg7 27. Rf4 Rh8 28. Re1 Ra2 29. Bd3 Rh6 30. b4 Ra3 31. Re3 c4 32. Bf1 Qb6 33. Re4 Rh5 34. Kh2 Rxe3 35. Rxe3 Qxb4 36. Be2 Rg5 37. Qf2 Qd2 38. h4 Rf5 39. Qg3 c3 40. h5 c2 41. Rxe5 Rxh5+ 42. Bxh5 Qh6 43. Re1 Qxh5+ 44. Kg1 Qxd5 45. Qe3 e5 46. Rc1 Qd1+ 47. Kf2 d5 48. Qe1 Qd4+ 49. Kf1 Qf4+ 50. Kg1 1-0

[Event "*** Titled Tuesday Blitz"]
[Site "Chess.com"]
[Date "2020.11.03"]
[Round "6"]
[White "alexrustemov"]
[Black "gmmoranda"]
[Result "1/2-1/2"]
[WhiteElo "2678"]
[BlackElo "2879"]
[TimeControl "180+1"]
[EndTime "11:11:00 PST"]
[Termination "Game drawn - insufficient material"]

1. d4 Nf6 2. Nf3 e6 3. c4 d5 4. Nc3 c6 5. e3 a6 6. b3 c5 7. cxd5 cxd4 8. Nxd4 Nxd5 9. Bb2 Bb4 10. Qc2 Qa5 11.
a3 Bxc3+ 12. Bxc3 Qxc3+ 13. Qxc3 Nxc3 14. Rc1 Bd7 15. Rxc3 Nc6 16. Nxc6 Bxc6 17. f3 Ke7 18. Bd3 Rac8 19. Kd2 Rhd8 20. Rhc1 Rd6 21. Ke2 Rcd8 22.
Rd1 e5 23. Bc2 Rxd1 24. Bxd1 f5 25. Bc2 g6 26. g3 Ke6 27. b4 g5 28. Bb3+ Kf6 29.
Rc5 h5 30. a4 h4 31. b5 axb5 32. axb5 Be8 33. Bc4 Rd6 34. Rc7 Rb6 35. gxh4 gxh4 36. Rc5 Bd7 37. f4 exf4 38. exf4 Rd6 39. Ke3 Rd1 40.
Rd5 Re1+ 41. Kf2 Re4 42. Rxd7 Rxf4+ 43. Kg2 Rxc4 44. Rxb7 Rb4 45. Kh3 Ke5 46. b6 Kf4 47. Kxh4 Rb2 48. h3 Rb3 49. Rb8 Kf3 50.
b7 f4 51. Kg5 Kg3 52. h4 f3 53.
Rf8 Rxb7 54. h5 Rb5+ 55. Kg6 f2 56. Rxf2 Kxf2 57. h6 Rb6+ 58. Kg7 Rxh6 59. Kxh6 1/2-1/2

[Event "*** Titled Tuesday Blitz"]
[Site "Chess.com"]
[Date "2020.11.03"]
[Round "6"]
[White "Jospem"]
[Black "PavlovDanila"]
[Result "1/2-1/2"]
[WhiteElo "2993"]
[BlackElo "2686"]
[TimeControl "180+1"]
[EndTime "11:11:03 PST"]
[Termination "Game drawn - insufficient material"]

1. e4 e6 2. d4 d5 3. Nc3 Nf6 4. exd5 Nxd5 5. Bd3 Nc6 6. Nf3 Nxc3 7. bxc3 b6 8. Be4 Bb7 9. Ne5 Nxe5 10. Bxb7 Rb8 11. Be4 Nd7 12. Bc6 Bd6 13. Qg4 O-O 14. Bh6 Qf6 15. Be3 Qe7 16. O-O Nf6 17. Qf3 e5 18.
Rae1 e4 19. Qh3 Ba3 20. Bf4 b5 21. f3 Rb6 22. Bxe4 Nxe4 23. fxe4 Rc6 24. Rf3 Bb2 25. Rb1 Qa3 26. Rbf1 Rxc3 27. Bxc7 Rxf3 28. Qxf3 Bxd4+ 29. Kh1 Qxf3 30. gxf3 Rc8 31. Rd1 Rxc7 32. Rxd4 g6 33. a4 Rxc2 34. axb5 Rb2 35. Rd5 Kf8 36. Kg1 Ke7 37.
h4 Ke6 38. h5 f5 39. Rc5 fxe4 40. fxe4 gxh5 41. Rxh5 Rb4 42. Rh6+ Ke5 43. Rxh7 Rb2 44. Rxa7 Kxe4 45. Ra5 Kd5 46. b6+ Kc6 47. Ra6 Kb7 48. Ra1 Kxb6 49. Rf1 Kc5 50. Rf2 Rxf2 51. Kxf2 1/2-1/2

[Event "*** Titled Tuesday Blitz"]
[Site "Chess.com"]
[Date "2020.11.03"]
[Round "6"]
[White "Chernobay_Artem"]
[Black "grunbergmihai"]
[Result "0-1"]
[WhiteElo "2613"]
[BlackElo "2489"]
[TimeControl "180+1"]
[EndTime "11:11:05 PST"]
[Termination "grunbergmihai won by resignation"]

1. d4 f5 2. Nf3 Nf6 3. g3 g6 4.
Bg2 Bg7 5. O-O O-O 6. c4 c6 7.
Nc3 d6 8. b3 Ne4 9. Nxe4 fxe4 10. Ng5 d5 11. cxd5 cxd5 12. f3 Nc6 13. Be3 exf3 14. Nxf3 Qb6 15. Qd2 Bf5 16. Rac1 Rac8 17. Rc5 Be4 18. Ng5 Bxg2 19. Rxf8+ Bxf8 20. Kxg2 e6 21.
Rc1 Re8 22. Bf2 Bh6 23. Qf4 Rf8 24. Qh4 Bxg5 25. Qxg5 Qd8 26. Qxd8 Rxd8 27. a3 Kf7 28. g4 Rc8 29. e3 Ne7 30. Rxc8 Nxc8 31. Bg3 Ne7 32. Kf3 Nc6 33. Bd6 Kf6 34. Kf4 a6 35. g5+ Kf7 36. e4 Nxd4 37. exd5 exd5 38. Ke5 Nxb3 39.
Kxd5 Nd2 40. Bf4 Nf3 41. Ke4 Nh4 42. Bb8 Ke6 43. Bg3 Nf5 44. Be5 Nd6+ 45. Kf4 Nf7 46. Bf6 h6 47. h4 h5 48. Ke4 Nd6+ 49. Kd4 Nf5+ 50. Kc5 Nxh4 51. Kb6 Nf3 52. Kxb7 h4 53.
Kxa6 h3 0-1

[Event "*** Titled Tuesday Blitz"]
[Site "Chess.com"]
[Date "2020.11.03"]
[Round "6"]
[White "Yashasd1995"]
[Black "Supernotar"]
[Result "1/2-1/2"]
[WhiteElo "2582"]
[BlackElo "2843"]
[TimeControl "180+1"]
[EndTime "11:11:06 PST"]
[Termination "Game drawn - insufficient material"]

1. b3 b6 2. Bb2 Bb7 3. e3 Nf6 4. f4 g6 5. Nf3 Bg7 6. Be2 O-O 7. O-O d6 8. c4 Nbd7 9. Nc3 e5 10. fxe5 Nxe5 11. Nxe5 dxe5 12. Bf3 e4 13. Be2 Qe7 14. Qc2 Rad8 15. Nb5 a6 16. Ba3 c5 17. Nc3 Rd6 18. Rad1 Rfd8 19. b4 Qe5 20. bxc5 bxc5 21. Na4 Nd7 22. Bb2 Qg5 23. Bxg7 Kxg7 24. Qb2+ Ne5 25.
Nxc5 Ba8 26. Rf4 Kg8 27. Nxe4 Bxe4 28. Rxe4 Nd3 29. Bxd3 Rxd3 30. Rf4 Rxe3 31. Rdf1 Re2 32. Qb7 f5 33. d4 Rde8 34. Qd5+ Kg7 35. h4 Qg3 36.
Qf3 Qxf3 37. R1xf3 Rxa2 38. Rd3 Ree2 39. Rg3 Kf6 40.
Rff3 h6 41. Ra3 Rxg2+ 42. Rxg2 Rxa3 43. Rd2 Ke7 44. c5 Rc3 45. Ra2 Rc4 46. Rd2 Ke6 47.
d5+ Kd7 48. c6+ Kd6 49. h5 gxh5 50. Kg2 a5 51. Kf3 a4 52. Rd3 a3 53. Rd2 a2 54.
Rxa2 Kxd5 55. Ra5+ Kd6 56. Rxf5 Rxc6 57. Rf6+ Kd7 58.
Rxc6 Kxc6 59. Kg3 Kd6 60. Kh4 Ke6 61. Kxh5 Kf7 62. Kxh6 1/2-1/2

[Event "*** Titled Tuesday Blitz"]
[Site "Chess.com"]
[Date "2020.11.03"]
[Round "6"]
[White "ciucas1892"]
[Black "Ural_bogatyr"]
[Result "0-1"]
[WhiteElo "2269"]
[BlackElo "2386"]
[TimeControl "180+1"]
[EndTime "11:11:06 PST"]
[Termination "Ural_bogatyr won by resignation"]

1. c4 Nf6 2. Nf3 e6 3. g3 d5 4. Bg2 c6 5. O-O Be7 6. Qc2 O-O 7. d4 Nbd7 8. b3 b6 9. Rd1 Bb7 10. Nc3 Rc8 11. e4 dxe4 12. Nxe4 Nxe4 13. Qxe4 Nf6 14. Qc2 Qc7 15. Bf4 Bd6 16. Bxd6 Qxd6 17. c5 Qe7 18.
Ne5 Nd5 19. a3 Rfd8 20. b4 Ba6 21. Qb3 bxc5 22. bxc5 Qc7 23. Rab1 Rb8 24. Qc2 f6 25. Nc4 Bxc4 26. Qxc4 Qa5 27. Qe2 e5 28. dxe5 Qxc5 29. Bxd5+ cxd5 30. exf6 gxf6 31. Qe6+ Kg7 32. Rbc1 Qb6 33.
Qg4+ Kh8 34. h4 Rg8 35. Qf4 Rbd8 36. Rc7 d4 37. Rf7 Rd6 38. Qf5 Rg7 39. Rf8+ Rg8 40. Rf7 Rg7 41. Qc8+ Rd8 42. Rf8+ Rxf8 43. Qxf8+ Rg8 44. Qf7 Qd6 45. Rd3 Rf8 46. Qh5 Rd8 47.
Qf5 Qe5 48. Qf3 f5 49. Kg2 Qe4 50. h5 Kg7 51. Kg1 Qxf3 52. Rxf3 d3 53. Kg2 d2 54. h6+ Kg6 55. Rxf5 Kxf5 0-1

[Event "*** Titled Tuesday Blitz"]
[Site "Chess.com"]
[Date "2020.11.03"]
[Round "6"]
[White "MartinZumsande"]
[Black "Harsha_Bharathakoti"]
[Result "0-1"]
[WhiteElo "2580"]
[BlackElo "2807"]
[TimeControl "180+1"]
[EndTime "11:11:10 PST"]
[Termination "Harsha_Bharathakoti won by resignation"]

1. e4 c6 2. d4 d5 3. exd5 cxd5 4. c4 Nf6 5. Nc3 Nc6 6. Bg5 Be6 7. Be2 h6 8. Bxf6 exf6 9. Bf3 Bb4 10. Ne2 O-O 11. O-O Ne7 12. c5 b6 13. Nb5 a6 14. a3 axb5 15. axb4 Rxa1 16. Qxa1 Nc6 17. Qa6 Nxb4 18. Qxb5 bxc5 19. dxc5 Qb8 20. Qxb8 Rxb8 21. Nd4 Nd3 22. c6 Rxb2 23. Ra1 Rb8 24. c7 Rc8 25. Ra7 Kf8 26. Be2 Nc5 27. Nc6 Bd7 28. Nb8 Ke7 29.
h3 Ne6 30. Na6 Kd6 31. Bg4 Nxc7 32. Bxd7 Kxd7 33. Nc5+ Kd6 34. Nd3 Ra8 35. Rb7 Kc6 36. Rb1 Ne6 37. Kf1 Ra3 38. Rc1+ Kd6 39. Nb4 d4 40. Rc6+ Kd7 41. Rb6 Kc7 42. Rc6+ Kb7 43. Rd6 Kc7 44. Rc6+ Kd7 45. Rb6 Rb3 46. Nd5 Rxb6 47.
Nxb6+ Kc6 48. Nc4 Kd5 49. Nb6+ Kc5 50. Nd7+ Kc4 51. Ke2 Nf4+ 52. Kd2 Nxg2 53. Nb8 Kd5 54. Nc6 Kxc6 0-1

[Event "*** Titled Tuesday Blitz"]
[Site "Chess.com"]
[Date "2020.11.03"]
[Round "6"]
[White "Forantes"]
[Black "lamomiablanca"]
[Result "0-1"]
[WhiteElo "2383"]
[BlackElo "2277"]
[TimeControl "180+1"]
[EndTime "11:11:10 PST"]
[Termination "lamomiablanca won by resignation"]

1. e4 g6 2. d4 Bg7 3. Nc3 c6 4. a4 d5 5. Be3 dxe4 6. Nxe4 Nd7 7. Bc4 Ngf6 8. Qf3 O-O 9. Ne2 Nxe4 10. Qxe4 Nf6 11. Qh4 Bf5 12. c3 Qd7 13. Ng3 Be6 14.
Bd3 h5 15. O-O Ng4 16. h3 Nxe3 17. fxe3 Bf6 18. Rxf6 exf6 19. Rf1 f5 20. Nxh5 Qd8 21. Qg3 Kh7 22. Bxf5 Bxf5 23. Rxf5 f6 24. Nf4 Qe8 25. Qh4+ Kg7 26. Nh5+ gxh5 27. Rxh5 Qg6 28. Rc5 Rae8 29. d5 Qg5 30. Qb4 Qxe3+ 31. Kh2 Re4 32. Qxb7+ Rf7 33.
Qb8 Qxc5 34. Qg3+ Kf8 35. Qb8+ Re8 36. Qf4 Qxd5 37. Qh6+ Ke7 38. Qh4 Qe5+ 39. Kg1 Rd8 40. Qb4+ c5 41. Qb7+ Rd7 42. Qa8 Qe3+ 43. Kh2 Qf4+ 44. g3 Qf2+ 45. Qg2 Qe1 46. Qf3 Rd2+ 47. Qg2 Rxg2+ 48. Kxg2 Qe2+ 49. Kg1 Rf8 50. g4 Rd8 0-1

[Event "*** Titled Tuesday Blitz"]
[Site "Chess.com"]
[Date "2020.11.03"]
[Round "6"]
[White "Borsuk_Konstantin"]
[Black "fyall777"]
[Result "1-0"]
[WhiteElo "2595"]
[BlackElo "2447"]
[TimeControl "180+1"]
[EndTime "11:11:12 PST"]
[Termination "Borsuk_Konstantin won on time"]

1. d4 Nf6 2. c4 e6 3. Nc3 Bb4 4. Qc2 c5 5. dxc5 Qa5 6. Bd2 Na6 7. a3 Nxc5 8. O-O-O Bxc3 9. Bxc3 Qa4 10. Qxa4 Nxa4 11. Be5 b6 12. f3 Ba6 13. b3 Nc5 14. Kb2 Nb7 15. e4 Rc8 16. Ne2 d6 17. Bxd6 Rd8 18. e5 Nxd6 19. exd6 Kd7 20. Nc3 Kc6 21. b4 Bb7 22.
b5+ Kd7 23. Be2 Ne8 24. c5 bxc5 25. Na4 Rc8 26. Rd2 Nxd6 27. Rhd1 Bd5 28. Nc3 Ke7 29. Nxd5+ exd5 30. Rxd5 Rhd8 31. a4 f6 32. Kc3 Nb7 33.
Bc4 Rxd5 34. Bxd5 Na5 35. Re1+ Kd6 36. Ba2 Rd8 37. Re6+ Kc7 38. Ra6 Nb7 39. Rxa7 Rd1 40. a5 Kb8 41. b6 Ra1 42. Kb2 Re1 43. Bd5 Re2+ 44. Kc3 Re7 45. g4 Rd7 46. Bxb7 Rxb7 47. Rxb7+ Kxb7 48. Kc4 Kc6 49. h4 g6 50. h5 gxh5 51.
gxh5 h6 52. f4 f5 53. b7 Kxb7 54. Kxc5 Ka6 55. Kd5 Kxa5 56. Ke5 Kb5 57. Kxf5 Kc5 58. Kg6 Kd5 59. f5 1-0

[Event "*** Titled Tuesday Blitz"]
[Site "Chess.com"]
[Date "2020.11.03"]
[Round "6"]
[White "yobdc"]
[Black "andriipalchuk"]
[Result "1/2-1/2"]
[WhiteElo "2328"]
[BlackElo "2446"]
[TimeControl "180+1"]
[EndTime "11:11:12 PST"]
[Termination "Game drawn by agreement"]

1. d4 Nf6 2. Nf3 e6 3. e3 d5 4.
Bd3 Be7 5. b3 O-O 6. Bb2 c5 7.
Nbd2 Nc6 8. O-O b6 9. Ne5 Bb7 10. f4 Rc8 11. a3 Nxe5 12. fxe5 Nd7 13. Qh5 g6 14. Qh3 Bg5 15. Rf3 cxd4 16. Bxd4 Nc5 17.
Raf1 Nxd3 18. cxd3 Rc2 19. R3f2 Ba6 20. Nf3 Rxf2 21. Rxf2 Bxd3 22. Nxg5 Qxg5 23. Qf3 Be4 24. Qd1 Rc8 25. h3 h5 26. Qf1 Rc2 27. Rxc2 Bxc2 28. Qf6 Qf5 29. Qxf5 Bxf5 30. h4 Kf8 31. Kf2 Bc2 32.
b4 Ke7 33. Ke2 Kd7 34. Kd2 Be4 35. g3 Kc6 36. a4 Bf3 37. Kc2 a6 38. Kd2 Bg4 39.
Kc2 a5 40. b5+ Kb7 41. Kd2 Bf5 42. Kc3 Bg4 43. Kd2 Bf3 44. Kc2 Be2 45. Kd2 Bc4 46. Kc2 Kc7 47. Kc3 Be2 48. Kc2 Bf3 49. Kd2 Bg4 50. Kc2 Bf5+ 51. Kc3 Be4 52. Kb3 Bd3 53.
Kc3 Bc4 54. Kb2 Kb7 55. Kc3 Be2 56. Kb2 Bd1 57. Ka3 Bc2 58. Bc3 Kc7 59. Bd4 Bd1 60.
Bc3 1/2-1/2

[Event "*** Titled Tuesday Blitz"]
[Site "Chess.com"]
[Date "2020.11.03"]
[Round "6"]
[White "nocnypako"]
[Black "DishonorOnYourCow"]
[Result "1-0"]
[WhiteElo "2583"]
[BlackElo "2410"]
[TimeControl "180+1"]
[EndTime "11:11:16 PST"]
[Termination "nocnypako won by resignation"]

1. d4 Nf6 2. c4 g6 3. Nc3 d5 4.
cxd5 Nxd5 5. e4 Nxc3 6. bxc3 Bg7 7. Bc4 c5 8. Ne2 O-O 9. O-O Nc6 10. Be3 Qc7 11. Rb1 Rd8 12. Bf4 Qa5 13. Rb5 Qa3 14. Bc1 Qa6 15. Rxc5 Qb6 16. Qb3 Qxb3 17. Bxb3 Bd7 18. d5 Ne5 19. Rc7 Bb5 20. c4 Ba6 21.
f4 Nd3 22. e5 Rac8 23. Rxc8 Rxc8 24. Be3 Bxc4 25. Bxc4 Rxc4 26. Rd1 Nb4 27. a3 Nc2 28. Bxa7 Nxa3 29. d6 exd6 30. exd6 Bf6 31. Bb6 Rc6 32. Ba5 Nc4 33. Bb4 Rb6 34. Bc5 Rc6 35. Rd5 b6 36.
Bb4 Ne3 37. Rd3 Nf5 38. g4 Ng7 39. d7 Ne6 40. f5 gxf5 41. gxf5 Nd8 42. Nf4 Rc1+ 43.
Kg2 Rc4 44. Nd5 Be5 45. Be7 Nc6 46. d8=Q+ Nxd8 47. Bxd8 b5 48. f6 b4 49. Re3 Rc2+ 50. Kf3 Rc8 51. Rxe5 Rxd8 52. Nxb4 Kf8 53. Nd5 Rd6 54.
Ke4 Re6 55. Rxe6 fxe6 56. Nf4 Kf7 57. Ke5 h6 58. Nxe6 h5 59. Nf4 h4 60. Nh5 Kg6 61. Ke6 1-0

[Event "*** Titled Tuesday Blitz"]
[Site "Chess.com"]
[Date "2020.11.03"]
[Round "6"]
[White "IwkooO"]
[Black "Skat2704"]
[Result "1-0"]
[WhiteElo "2640"]
[BlackElo "2429"]
[TimeControl "180+1"]
[EndTime "11:11:19 PST"]
[Termination "IwkooO won by resignation"]

1. e4 c6 2. d4 d5 3. e5 Bf5 4.
Nd2 e6 5. Nb3 Ne7 6. Nf3 Nd7 7.
Be2 c5 8. dxc5 Nc6 9. Nfd4 Bg6 10. Bf4 Nxc5 11. O-O Nxb3 12. axb3 Bc5 13. Nxc6 bxc6 14.
c3 O-O 15. b4 Bb6 16. Ra6 f6 17. Bd3 fxe5 18. Bxe5 Qg5 19. Bd4 Bh5 20. Be2 Bxd4 21.
cxd4 Bxe2 22. Qxe2 Rf6 23. Rxc6 Rg6 24. g3 Qf5 25.
Re1 Re8 26. Rc7 Rh6 27. Rxa7 Qh3 28. f4 Rf8 29. Qg2 Qg4 30. Rc7 Rg6 31. Rc2 Rxf4 32. Rc8+ Rf8 33. Rxf8+ Kxf8 34. Rf1+ Rf6 35. Rxf6+ gxf6 36. Qf2 Ke7 37. b5 Qd1+ 38. Kg2 Qb3 39. Qd2 Qxb5 40. Kh3 Qf1+ 41. Kh4 Qf5 42. h3 Kf7 43. g4 Qf3 44. b4 Kg6 45. Qc2+ f5 46. gxf5+ exf5 47. Qc6+ Kg7 48. Qd7+ Kg6 49. Qd6+ Kf7 50. Qd7+ Kg6 51.
Qe6+ Kg7 52. Qe7+ Kg6 53. Qg5+ Kf7 54. Qh5+ Qxh5+ 55. Kxh5 Ke6 56. Kg5 h6+ 57. Kf4 h5 58. h4 Kf6 59. b5 1-0

[Event "*** Titled Tuesday Blitz"]
[Site "Chess.com"]
[Date "2020.11.03"]
[Round "6"]
[White "mortngabriel"]
[Black "niki_2003"]
[Result "0-1"]
[WhiteElo "2308"]
[BlackElo "1954"]
[TimeControl "180+1"]
[EndTime "11:11:19 PST"]
[Termination "niki_2003 won by resignation"]

1. Nc3 Nf6 2. d4 e6 3. e4 Bb4 4.
Bd3 Bxc3+ 5. bxc3 b6 6. e5 Nd5 7.
Qg4 Kf8 8. Ne2 Bb7 9. O-O f6 10.
f4 f5 11. Qh3 Nc6 12. a4 Qe8 13. Ba3+ Kg8 14. g4 Qg6 15. Kf2 Qxg4 16. Qxg4 fxg4 17. f5 h5 18. fxe6 dxe6 19. Kg3 g5 20. Rf2 Kg7 21.
Raf1 h4+ 22. Kxg4 Ne3+ 23. Kxg5 Nxf1 24. Rxf1 h3 25. Nf4 Nd8 26. Be7 Nf7+ 27. Kg4 Nh6+ 28.
Kg3 Bg2 29. Nxe6+ Kg8 30. Rf6 Re8 31. Rg6+ Kf7 32. Bf6 Rxe6 33. Rg7+ Kf8 34. Rxc7 Rg8+ 35. Kh4 Rc6 36. Rd7 Rxc3 37. Bh7 Bc6 38. Rd8+ Kf7 39. Bxg8+ Nxg8 40. Bg5 Rxc2 41. Rd6 Bg2 42. Bf4 Rf2 43.
Bg3 Rd2 44. Rd7+ Ne7 45. Rxa7 Ke6 46. Rb7 Nf5+ 47. Kg5 Nxg3 48. hxg3 h2 49. Rh7 h1=Q 50. Rxh1 Bxh1 51. Kf4 Rxd4+ 52. Ke3 Rxa4 53. g4 Rxg4 0-1

[Event "*** Titled Tuesday Blitz"]
[Site "Chess.com"]
[Date "2020.11.03"]
[Round "6"]
[White "Fortitudine"]
[Black "kinga2008"]
[Result "0-1"]
[WhiteElo "2262"]
[BlackElo "2092"]
[TimeControl "180+1"]
[EndTime "11:11:19 PST"]
[Termination "kinga2008 won by resignation"]

1. c4 g6 2. Nc3 Bg7 3. e4 d6 4.
g3 Nf6 5. Bg2 O-O 6. Nge2 e5 7.
d3 c5 8. O-O Nc6 9. h3 Be6 10.
Be3 Qd7 11. Kh2 Ne8 12. Nd5 f5 13. Qd2 fxe4 14. dxe4 Nd4 15. Nxd4 cxd4 16. Bh6 Bxd5 17. Bxg7 Bxc4 18. Bxf8 Bxf1 19. Rxf1 Kxf8 20. h4 Nf6 21. Bh3 Qc6 22. Qh6+ Kg8 23. Rc1 Qb6 24. Be6+ Kh8 25. g4 d3 26. Kg2 Nxe4 27. Rf1 d2 28. f3 Qxb2 29. Kh3 Nf2+ 30. Rxf2 d1=Q 31. Rxb2 Qh1+ 32. Kg3 Qe1+ 33. Kh3 Qh1+ 34. Kg3 Qg1+ 35. Rg2 Qe1+ 36. Kh3 e4 37. Rh2 exf3 38. Qf4 Qe5 39. Kg3 Qxe6 40. Qxf3 Qe5+ 41. Qf4 Qxf4+ 42. Kxf4 Re8 43. Rd2 Re6 44. Rd5 Kg7 45. Rb5 b6 46. Rb3 Kf6 47. Kg3 h6 48. Rf3+ Kg7 49. Ra3 a5 50. Rb3 d5 51.
Rb5 Rd6 52. Rb3 Kf6 53. Rf3+ Ke5 54. Rf4 d4 55. Rf2 d3 56. h5 gxh5 57. Rd2 Ke4 58. gxh5 Ke3 59. Rh2 d2 60. Rh1 d1=Q 0-1